 Dungeon Crawl Stone Soup version 0.31-a0-233-g139696dc86 (webtiles) character file.

Game seed: 10202548337682241826

1715 qw the Skirmisher (level 9, -3/55 HPs)
             Began as a Gargoyle Hexslinger on July 7, 2023.
             Slain by Pikel
             ... wielding a +1 whip of freezing
              (7 damage)
             ... on level 7 of the Dungeon.
             The game lasted 00:02:19 (6305 turns).

qw the Skirmisher (Gargoyle Hexslinger)             Turns: 6305, Time: 00:02:20

Health: -3/55      AC: 15    Str: 11    XL:     9   Next: 4%
Magic:  10/10      EV: 12    Int: 15    God:
Gold:   300        SH:  0    Dex: 16    Spells: 9/10 levels left

rFire   . . .        Y - +1 orcbow
rCold   . . .        (shield currently unavailable)
rNeg    + . .        f - +1 leather armour {Will+}
rPois   inf          h - +2 hat
rElec   +            b - +0 cloak
rCorr   .            p - +0 pair of gloves
SInv    .            l - +0 pair of boots
Will    +++..        (no amulet)
Stlth   +            g - ring of willpower
HPRegen 0.29/turn    m - ring of willpower
MPRegen 0.12/turn

%: no passive effects
@: no status effects
A: sickness immunity, AC +6, negative energy resistance 1, electricity
resistance, torment resistance 1, petrification resistance
a: no special abilities


You were on level 7 of the Dungeon.
You visited 2 branches of the dungeon, and saw 8 of its levels.

You collected 335 gold pieces.
You spent 35 gold pieces at shops.


Innate Abilities, Weirdness & Mutations

You are immune to sickness and miasma.
Your stone body is resilient. (AC +6)
You are immune to poison.
You resist negative energy. (rN+)
You are resistant to electric shocks. (rElec)
You are resistant to unholy torment.
You are immune to petrification.


   Skills:
 - Level 6.1 Fighting
 + Level 9.5 Ranged Weapons
 - Level 2.1 Armour
 - Level 2.2 Dodging
 - Level 1.0 Spellcasting
 - Level 2.6 Hexes


You had 9 spell levels left.
You knew the following spells:

 Your Spells              Type           Power      Damage    Failure   Level
a - Slow                  Hex            32%        N/A       11%         1

Your spell library contained the following spells:

 Spells                   Type           Power      Damage    Failure   Level
 Inner Flame              Hex/Fire       4%         N/A       50%         3
 Portal Projectile        Hex/Tloc       8%         N/A       50%         3
 Cause Fear               Hex            4%         N/A       71%         4

Inventory:

Hand Weapons
 Y - a +1 orcbow (weapon)
Armour
 b - a +0 cloak (worn)
 f - a +1 leather armour of willpower (worn)
 h - a +2 hat (worn)
 i - +0 acid dragon scales
 j - a +2 robe of cold resistance
 l - a +0 pair of boots (worn)
 p - a +0 pair of gloves (worn)
Jewellery
 g - a ring of willpower (left hand)
 k - a ring of resist corrosion
 m - a ring of willpower (right hand)
 q - a +6 ring of strength
Scrolls
 d - a scroll of identify
Potions
 c - 4 potions of curing
 e - a potion of might
 n - a potion of mutation
 o - a potion of attraction {unknown}
 r - a potion of heal wounds {unknown}

Dungeon Overview and Level Annotations

Branches:
Dungeon (7/15)             Temple (1/1) D:4

Altars:
Ashenzari
Cheibriados
Dithmenos
Elyvilon
Fedhas
Gozag
Hepliaklqana
Kikubaaqudgha
Makhleb
Nemelex Xobeh
Qazlal
Ru
Sif Muna
Trog
Uskayaw
Vehumet
Wu Jian
Xom
Yredelemnul
Zin
The Shining One

Shops:
D:2 (   D:3 [

Annotations:
D:7 Pikel


Message History

Pikel is almost dead.
Pikel hits you but does no damage.
You shoot an arrow. The arrow hits Pikel.
Pikel is almost dead.
Pikel hits you with a +1 whip of freezing!
Pikel freezes you.
You shoot an arrow.
The arrow hits Pikel but does no damage.
Pikel is almost dead.
Pikel hits you but does no damage.
You shoot an arrow. The arrow barely misses Pikel.
The arrow hits the lemure!
The lemure is severely wounded.
Pikel barely misses you.
You shoot an arrow. The arrow hits Pikel.
Pikel is almost dead.
Pikel barely misses you.
You shoot an arrow. The arrow misses Pikel.
The arrow hits the lemure!
You kill the lemure!
That felt strangely unrewarding.
Pikel hits you with a +1 whip of freezing!
Pikel freezes you.
You shoot an arrow. The arrow barely misses Pikel.
Pikel misses you. Pikel hits you but does no damage.
You shoot an arrow. The arrow closely misses Pikel.
The arrow closely misses the lemure.
Pikel barely misses you.
You shoot an arrow. The arrow closely misses Pikel.
The arrow misses the lemure.
Pikel hits you with a +1 whip of freezing.
Pikel freezes you.
You shoot an arrow. The arrow closely misses Pikel.
The arrow hits the lemure!
The lemure is moderately wounded.
Pikel hits you with a +1 whip of freezing!
Pikel freezes you.
You shoot an arrow. The arrow barely misses Pikel.
The arrow closely misses the lemure.
Pikel hits you but does no damage.
You shoot an arrow. The arrow closely misses Pikel.
The arrow hits the lemure!
The lemure is severely wounded.
Pikel hits you with a +1 whip of freezing!
You die...

######.# .......#
.......# .......#
.......# ......<# #
......############.#####
......'.........@K5.....
......############.###.#
......# .. ......# .#
####### #


You could see Pikel and a lemure.

Vanquished Creatures
  Prince Ribbit (D:6)
  Eustachio (D:4)
  An acid dragon (D:4)
  A black bear (D:7)
  An ogre (D:4)
  A centaur (D:6)
  A lemure (D:7)
  A kobold brigand (D:7)
  2 bullfrogs
  4 scorpions
  A jelly (D:4)
  A howler monkey (D:6)
  3 hounds
  A gnoll bouda (D:6)
  An orc priest (D:5)
  An iguana (D:7)
  6 orc wizards
  3 gnolls (D:6)
  4 adders
  An ufetubus (D:4)
  A dart slug (D:4)
  15 orcs
  3 ball pythons
  5 endoplasms
  A giant cockroach (D:1)
  7 goblins
  8 hobgoblins
  9 jackals
  23 kobolds
  3 quokkas
  A bat (D:1)
  6 frilled lizards
  5 rats
123 creatures vanquished.

Notes
Turn   | Place    | Note
-------+----------+-------------------------------------------
     0 | D:1      | qw the Gargoyle Hexslinger began the quest for the Orb.
     0 | D:1      | Reached XP level 1. HP: 12/12 MP: 2/2
     0 | D:1      | 0 ||| qw: Version: 0.3-a-46-gb1f654a
     0 | D:1      | 0 ||| qw: Game counter: 3084
     0 | D:1      | 0 ||| qw: Melee chars always use a shield: true
     0 | D:1      | 0 ||| qw: God list: Okawaru
     0 | D:1      | 0 ||| qw: Allow faded altars: false
     0 | D:1      | 0 ||| qw: Do Orc after clearing Dungeon:15 true
     0 | D:1      | 0 ||| qw: Do second Lair branch before Depths: true
     0 | D:1      | 0 ||| qw: Lair rune preference: random
     0 | D:1      | 0 ||| qw: Goals: Normal
     0 | D:1      | 0 ||| PLANNING D:1-11
    94 | D:1      | Found a faded altar of an unknown god.
   130 | D:1      | Reached XP level 2. HP: 16/16 MP: 3/3
   223 | D:1      | You fall into a shaft and drop 1 floor!
   241 | D:2      | Reached skill level 3 in Ranged Weapons
   429 | D:2      | 429 ||| UPGRADING to +0 ring mail.
   439 | D:2      | 439 ||| DROPPING +0 robe.
   440 | D:2      | 440 ||| READING 2 scrolls labelled UTWO IRGHORGHEPH.
   445 | D:2      | 445 ||| READING scroll labelled POORYFOAHE.
   446 | D:2      | 446 ||| READING scroll labelled IREIGROMPI.
   447 | D:2      | 447 ||| READING 3 scrolls labelled ATTUIKK MEOM.
   448 | D:2      | 448 ||| DROPPING scroll of poison.
   449 | D:2      | 449 ||| DROPPING 2 scrolls of fear.
   980 | D:1      | 980 ||| UPGRADING to +1 leather armour of willpower.
   990 | D:1      | 990 ||| DROPPING +0 ring mail.
   991 | D:1      | 991 ||| READING scroll labelled KIWELE XIMOI.
   992 | D:1      | 992 ||| READING scroll labelled ACRYIB ZIZETEO.
   993 | D:1      | 993 ||| READING scroll labelled YGADAD COJEANO.
   994 | D:1      | 994 ||| DRINKING 2 brown potions.
   995 | D:1      | 995 ||| DROPPING potion of degeneration.
  1027 | D:2      | Reached XP level 3. HP: 21/21 MP: 4/4
  1030 | D:2      | 1030 ||| STAIRDANCE
  1268 | D:2      | Found Yprieg's Weapon Emporium.
  1296 | D:2      | 1296 ||| BUYING +0 orcbow (35 gold).
  1296 | D:2      | Bought a +0 orcbow for 35 gold pieces
  1296 | D:2      | 1296 ||| SWAPPING to +0 orcbow.
  1297 | D:2      | 1297 ||| DROPPING +1 sling of chaos.
  1681 | D:2      | 1681 ||| UPGRADING to +0 cloak.
  1686 | D:2      | 1686 ||| UPGRADING to +2 hat.
  1691 | D:2      | 1691 ||| UPGRADING to ring of willpower.
  1692 | D:2      | 1692 ||| UPGRADING to ring of resist corrosion.
  1693 | D:2      | 1693 ||| READING scroll labelled SIFRAU JOTA.
  1860 | D:3      | Found a bloodstained altar of Trog.
  1879 | D:3      | 1879 ||| FLEEEEING.
  1976 | D:3      | Found Emupit's Antique Armour Emporium.
  1980 | D:3      | 1980 ||| SHOPLISTING fine robe (159 gold, have 63).
  1980 | D:3      | 1980 ||| SHOPLISTING pair of boots (126 gold, have 63).
  1980 | D:3      | 1980 ||| SHOPLISTING runed robe (103 gold, have 63).
  2094 | D:3      | 2094 ||| Stepping ~*~*~tactically~*~*~ (outnumbered).
  2097 | D:3      | 2097 ||| Stepping ~*~*~tactically~*~*~ (outnumbered).
  2264 | D:3      | Reached XP level 4. HP: 24/26 MP: 5/5
  2397 | D:3      | Reached skill level 4 in Ranged Weapons
  2564 | D:3      | 2564 ||| UPGRADING to +0 pair of boots.
  2569 | D:3      | 2569 ||| UPGRADING to +6 ring of strength.
  2571 | D:3      | 2571 ||| READING scroll labelled QAGETU VECWYX.
  2572 | D:3      | 2572 ||| READING scroll labelled HIGAKIU TOBESH.
  2573 | D:3      | 2573 ||| DRINKING 2 bubbling coppery potions.
  2698 | D:4      | Found the +7 Throatcutter {drain, coup de grace}
  2764 | D:4      | Noticed Eustachio
  2785 | D:4      | Killed Eustachio
  2786 | D:4      | Reached skill level 5 in Ranged Weapons
  2786 | D:4      | Reached XP level 5. HP: 17/30 MP: 6/6
  2786 | D:4      | Reached XP level 6. HP: 20/35 MP: 7/7
  2883 | D:4      | Reached skill level 3 in Fighting
  3005 | D:4      | Reached skill level 1 in Armour
  3055 | D:4      | Reached skill level 6 in Ranged Weapons
  3146 | D:4      | Reached XP level 7. HP: 43/43 MP: 8/8
  3431 | D:4      | Found a staircase to the Ecumenical Temple.
  3432 | D:4      | 3432 ||| PLANNING TEMPLE
  3432 | D:4      | 3432 ||| READING 3 scrolls of identify.
  3432 | D:4      | 3432 ||| IDENTIFYING red potion
  3433 | D:4      | 3433 ||| READING 2 scrolls of identify.
  3433 | D:4      | 3433 ||| IDENTIFYING murky amethyst potion
  3434 | D:4      | 3434 ||| DROPPING potion of brilliance.
  3442 | Temple   | Entered the Ecumenical Temple
  3600 | Temple   | 3600 ||| PLANNING D:1-11
  3743 | D:5      | Entered Level 5 of the Dungeon
  3745 | D:5      | 3745 ||| STAIRDANCE
  3844 | D:5      | Reached skill level 7 in Ranged Weapons
  4127 | D:5      | Found a hazy altar of Hepliaklqana.
  4445 | D:5      | Reached skill level 8 in Ranged Weapons
  4445 | D:5      | Reached XP level 8. HP: 48/48 MP: 9/9
  4546 | D:5      | 4546 ||| UPGRADING to +0 pair of gloves.
  4551 | D:5      | 4551 ||| READING 2 scrolls labelled RYETOH OSYXE.
  4552 | D:5      | 4552 ||| READING 2 scrolls of identify.
  4552 | D:5      | 4552 ||| IDENTIFYING sedimented purple potion
  4553 | D:5      | 4553 ||| DROPPING scroll of amnesia.
  5312 | D:6      | 5312 ||| UPGRADING to ring of willpower.
  5314 | D:6      | 5314 ||| READING scroll labelled FAUVAU NUUDAS.
  5348 | D:6      | 5348 ||| READING 2 scrolls of identify.
  5348 | D:6      | 5348 ||| IDENTIFYING clear potion
  5349 | D:6      | 5349 ||| DROPPING potion of lignification.
  5395 | D:7      | Noticed Prince Ribbit
  5402 | D:7      | 5402 ||| STAIRDANCE
  5434 | D:7      | 5434 ||| STAIRDANCE
  5488 | D:7      | 5488 ||| STAIRDANCE
  5495 | D:6      | HP: 12/49 [howler monkey (4)]
  5496 | D:6      | 5496 ||| READING 2 scrolls of teleportation.
  5499 | D:6      | HP: 3/49 [howler monkey (3)]
  5577 | D:6      | Killed Prince Ribbit
  5578 | D:6      | Reached skill level 9 in Ranged Weapons
  5694 | D:7      | 5694 ||| Stepping ~*~*~tactically~*~*~ (outnumbered).
  5696 | D:7      | 5696 ||| Stepping ~*~*~tactically~*~*~ (outnumbered).
  5699 | D:7      | 5699 ||| Stepping ~*~*~tactically~*~*~ (outnumbered).
  5714 | D:7      | Reached skill level 6 in Fighting
  5714 | D:7      | Reached XP level 9. HP: 37/55 MP: 10/10
  5916 | D:7      | Noticed Pikel
  5934 | D:7      | HP: 13/55 [Pikel/+1 whip of freezing (1)]
  5935 | D:7      | 5935 ||| READING scroll of teleportation.
  6302 | D:7      | HP: 13/55 [Pikel/+1 whip of freezing (1)]
  6303 | D:7      | HP: 5/55 [Pikel/+1 whip of freezing (8)]
  6305 | D:7      | Slain by Pikel

Levels and vault maps discovered:
D:1:      heliophobic_arrival_henge, layout_loops_ring,
          shapermc_ecumenical_altar_mp_highgroup
D:2:      layout_basic, serial_shops, nicolae_shop_scrapyard,
          hangedman_decor_peaks_small, item_on_display_a
D:3:      layout_loops_ring, bloody_trog, serial_shops, shop,
          lexackson_kobold_supper
D:4:      layout_basic, minmay_temple_entry_enclosed_plants, minivault_24,
          dilly_guarded_unrand_throatcut, uniq_eustachio
D:5:      layout_loops_ring, kennysheep_small_circle
D:6:      layout_basic
D:7:      layout_basic, lemuel_crystal_altar, nicolae_sextant,
          minmay_shop_damaged, uniq_prince_ribbit1, uniq_pikel
Temple:   nicolae_temple_bog_church

Skill      XL: |  1  2  3  4  5  6  7  8 |
---------------+-------------------------+-----
Ranged Weapons | 3 5 6 8 9 |  9.5
Fighting       | 2 4 6 |  6.1
Armour         | 1 2 |  2.1
Dodging        | 2 |  2.2
Spellcasting   | |  1.0
Hexes          | |  2.6

Action                     |  1- 3 |  4- 6 |  7- 9 || total
---------------------------+-------+-------+-------++-------
   Fire: Sling             |    83 |       |       ||    83
         Orcbow            |    80 |    88 |   289 ||   457
    Use: Scroll            |     8 |     2 |     8 ||    18
         Potion            |     1 |     1 |       ||     2
 Armour: Robe              |     3 |       |       ||     3
         Ring mail         |     2 |       |       ||     2
         Leather armour    |    46 |    53 |   124 ||   223
  Dodge: Dodged            |    73 |    66 |   147 ||   286

Table legend:
 A = Non-vault XP
 B = Vault XP
 C = Vault XP percentage of total XP
 D = Non-vault monster count
 E = Vault monster count
 F = Vault count percentage of total count
                 A         B        C        D         E       F
            +---------+---------+-------+---------+---------+-------
      Total |    1871 |     580 |  23.7 |     106 |      16 |  13.1
            +---------+---------+-------+---------+---------+-------
        D:1 |      29 |       0 |   0.0 |      18 |       0 |   0.0
        D:2 |      23 |       0 |   0.0 |      13 |       0 |   0.0
        D:3 |      37 |      11 |  22.9 |      14 |       8 |  36.4
        D:4 |     525 |     204 |  28.0 |      17 |       6 |  26.1
        D:5 |     330 |      79 |  19.3 |       8 |       1 |  11.1
        D:6 |     473 |     286 |  37.7 |      20 |       1 |   4.8
        D:7 |     454 |       0 |   0.0 |      16 |       0 |   0.0
            +---------+---------+-------+---------+---------+-------
